 Dungeon Crawl Stone Soup version 0.29.1-15-g9cfb28693d (webtiles) character file.

Game seed: 411910885239033611

55 Heoruswealwe the Shooter (level 3, 0/30 HPs)
             Began as a Demigod Hunter on Mar 29, 2023.
             Slain by Sigmund
             ... wielding a +0 scythe
              (4 damage)
             ... on level 2 of the Dungeon.
             The game lasted 00:16:08 (1741 turns).

Heoruswealwe the Shooter (Demigod Hunter)           Turns: 1741, Time: 00:16:09

Health: 0/30       AC:  3    Str: 12    XL:     3   Next: 45%
Magic:  5/5        EV: 12    Int: 11    God:
Gold:   81         SH:  0    Dex: 21    Spells: 2/2 levels left

rFire   . . .      SeeInvis .   a - +0 shortbow
rCold   . . .      Faith    .   (shield currently unavailable)
rNeg    . . .      Spirit   .   c - +0 leather armour
rPois   .          Reflect  .   (no helmet)
rElec   .          Harm     .   (no cloak)
rCorr   .          Rampage  .   (no gloves)
Will    .....                   (no boots)
Stlth   +.........              (no amulet)
HPRegen 0.10/turn               (no ring)
MPRegen 0.09/turn               (no ring)

@: confused
A: high MP 1, forlorn, divine attributes
a: no special abilities


You were on level 2 of the Dungeon.
You visited 1 branch of the dungeon, and saw 2 of its levels.

You collected 81 gold pieces.

Inventory:

Hand Weapons
 a - a +0 shortbow (weapon)
Armour
 c - a +0 leather armour (worn)
Scrolls
 b - a scroll of noise {unknown}
 e - a scroll of enchant weapon {unknown}
 f - a scroll of identify {unknown}
 g - a scroll of poison {unknown}
Potions
 d - 2 potions of ambrosia {unknown}
 h - a potion of might {unknown}
 i - a potion of berserk rage {unknown}


   Skills:
 + Level 2.3 Fighting
 + Level 4.0 Ranged Weapons
 + Level 2.3 Dodging
 + Level 1.8 Stealth


You had 2 spell levels left.
You didn't know any spells.
Your spell library was empty.

Dungeon Overview and Level Annotations

Branches:
Dungeon (2/15)

Annotations:
D:2 Sigmund


Innate Abilities, Weirdness & Mutations

You have an increased reservoir of magic. (+10% MP)
You shall have no god before yourself.
Your divine heritage dramatically boosts your attributes as you level up.


Message History

You shoot an arrow.
You hear some strange, mumbled words.
Something tries to affect you, but you resist.
Fire: a) +0 shortbow
Press: ? - help, Q - select action Shift-Dir - straight line You shoot an arrow.
Something barely misses you.
Fire: a) +0 shortbow
Press: ? - help, Q - select action Shift-Dir - straight line You shoot an arrow.
Something hits you.
Fire: a) +0 shortbow
Press: ? - help, Q - select action Shift-Dir - straight line You shoot an arrow.
You hear some strange, mumbled words.
You are confused.
Non-targeted confused fire: a) +0 shortbow
Press: ? - help, Q - select action Dir - look around, f - activate You shoot an arrow.
Something hits you but does no damage.
Non-targeted confused fire: a) +0 shortbow
Press: ? - help, Q - select action Dir - look around, f - activate You shoot an arrow.
You hear some strange, mumbled words.
You are more confused.
Non-targeted confused fire: a) +0 shortbow
Press: ? - help, Q - select action Dir - look around, f - activate You shoot an arrow.
Something hits you!
* * * LOW HITPOINT WARNING * * *
Non-targeted confused fire: a) +0 shortbow
Press: ? - help, Q - select action Dir - look around, f - activate You shoot an arrow.
Something hits you.
* * * LOW HITPOINT WARNING * * *
Non-targeted confused fire: a) +0 shortbow
Press: ? - help, Q - select action Dir - look around, f - activate You shoot an arrow.
Something hits you.
You die...

########.#..>.......#
#..)................##
#.#.................#.
###
#.#...........#.#####.
..#
#.#.#.................
..#
#.###.###############.
.)#
#.....................
..#
#.#####.################
..# #....{.@...>..# ..#
#######.#####.# ..# ...
### #..## #..# #<.# #..#
####


There were no monsters in sight!

Vanquished Creatures
  A worm (D:2)
  A dart slug (D:1)
  4 endoplasms
  3 giant cockroaches
  7 goblins
  8 hobgoblins
  4 jackals (D:1)
  A quokka (D:1)
  5 ball pythons
  2 bats
  3 frilled lizards
  2 kobolds
  4 rats
45 creatures vanquished.

Vanquished Creatures (others)
  15 demonic plants (D:1)
  11 fungi (D:1)
  24 plants (D:1)
  10 withered plants (D:1)
60 creatures vanquished.

Grand Total: 105 creatures vanquished

Notes
Turn   | Place    | Note
-------+----------+-------------------------------------------
     0 | D:1      | Heoruswealwe the Demigod Hunter began the quest for the
                  | Orb.
     0 | D:1      | Reached XP level 1. HP: 17/17 MP: 3/3
   157 | D:1      | Reached skill level 1 in Stealth
   218 | D:1      | Reached XP level 2. HP: 21/24 MP: 4/4
   984 | D:1      | Reached XP level 3. HP: 26/29 MP: 5/5
  1345 | D:2      | Reached skill level 4 in Ranged Weapons
  1728 | D:2      | Noticed Sigmund
  1741 | D:2      | Slain by Sigmund

Illustrated notes

Levels and vault maps discovered:
D:1:      tarquinn_simple_flora_water_c, layout_basic,
          shapermc_ecumenical_altar_gd
D:2:      minmay_chambers_of_twos, layout_basic, uniq_sigmund

Skill      XL: |  1  2  3 |
---------------+----------+-----
Stealth        | 1 |  1.8
Fighting       | 2 |  2.3
Dodging        | 2 |  2.3
Ranged Weapons | 4 |  4.0

Action                   || total
-------------------------++-------
Melee: Unarmed           ||   277
       Punch             ||     7
 Fire: Shortbow          ||   113
  Use: Scroll            ||     1
Armor: Leather armour    ||    16
Dodge: Dodged            ||    41
